[Event "20th Delhi GM Open 2023"]
[Site "New Delhi"]
[Date "2023.03.23"]
[Round "1.1"]
[White "Tapojit Majumdar"]
[Black "Sethuraman, S.P."]
[Result "0-1"]
[ECO "B72"]
[WhiteElo "1234"]
[BlackElo "2639"]
[Annotator "TA"]
[PlyCount "50"]
[EventDate "2023.03.23"]
[EventType "swiss"]
[EventCountry "IND"]
[SourceTitle "playchess.com"]
[Source "ChessBase"]
[SourceQuality "1"]
[TimeControl "5400+30"]

1. e4 c5 2. Nf3 d6 3. d4 cxd4 4. Nxd4 Nf6 5. Nc3 Nc6 6. Be2 g6 7. Be3 Bg7 8. f3 Bd7 {[%emt 0:00:30] B72: Sicilian Dragon: 6 Be3, lines with h3+Bc4 and sidelines.} (8... O-O $11) 9. Qd2 $14 Rc8 10. O-O-O h5 {[%emt 0:00:18] White is slightly better.} 11. Kb1 a6 12. Nb3 b5 13. Nd5 ({White should play} 13. Rhe1 $14) 13... Nxd5 $11 14. exd5 ({Much worse is} 14. Qxd5 Nb4 15. Qb7 Rb8 $19) 14... Ne5 {[%emt 0:00:03] [#]} 15. h4 $146 (15. Bd4 $11 {and White has nothing to worry.}) ({Predecessor:} 15. Bd4 Bf5 16. Rc1 O-O 17. g4 hxg4 18. fxg4 Be4 19. Rhf1 Bxd5 20. Bxe5 dxe5 21. Qg5 Bxb3 22. axb3 {1-0 Shvetzov,M (1790)-Kaverin,N Zhukovsky Cup 2008 (6)}) 15... Nc4 $19 16. Bxc4 bxc4 17. Nd4 {[%emt 0:01:21] [#]} c3 $1 18. bxc3 (18. Qf2 cxb2) 18... Qa5 (18... Qc7 $19 {[%cal Oe8g8] and Black stays clearly on top. And now ...0-0! would win.} 19. Bg5 Qb7+ 20. Ka1 Qxd5) 19. Nb3 $17 Qxc3 20. Bd4 (20. Qxc3 $15 Bxc3 21. Bd4) 20... Bxd4 $40 {[%emt 0:00:36][%mdl 128] White is in trouble.} 21. Nxd4 Qc4 ({Not} 21... Rb8+ 22. Nb3 Qf6 23. Qg5 $15) 22. Nb3 a5 {[%emt 0:01:12] Black is more active.} 23. Nxa5 (23. Rde1 $17) 23... Qa4 {[%emt 0:01:19] Threatens to win with ...Ra8.} 24. Rc1 $2 (24. Rhe1 $17 Ra8 25. Qc3) 24... Ra8 $19 25. Qc3 {[%emt 0:00:22][%cal Rc3h8] [#]} O-O {[%emt 0:00:12] Weighted Error Value: White=0.84/Black=0.16 (very precise)} (25... Qxa5 $2 26. Qxh8#) 0-1

[Event "20th Delhi GM Open 2023"]
[Site "New Delhi"]
[Date "2023.03.23"]
[Round "1.2"]
[White "Aravindh, Chithambaram VR."]
[Black "Giridharan M"]
[Result "1-0"]
[ECO "C60"]
[WhiteElo "2607"]
[BlackElo "1233"]
[Annotator "TA"]
[PlyCount "51"]
[EventDate "2023.03.23"]
[EventType "swiss"]
[EventCountry "IND"]
[SourceTitle "playchess.com"]
[Source "ChessBase"]
[SourceQuality "1"]
[TimeControl "5400+30"]

1. e4 e5 2. Nf3 Nc6 3. Bb5 g6 4. c3 Bg7 5. d4 exd4 6. cxd4 a6 7. Ba4 Nge7 8. O-O b5 {[%emt 0:04:15] C60: Ruy Lopez: Unusual Black 3rd moves and 3...g6.} 9. Bc2 d6 10. h3 {[%emt 0:03:48] Against Bg4} O-O {[%emt 0:01:33] White is slightly better.} 11. Nc3 Na5 12. Re1 c5 13. Bg5 {[%emt 0:01:06][%cal Bc1g5,Bg5h4,Bh4g3][%mdl 32] aiming for dxc5.} h6 14. Bh4 {[%emt 0:01:11] Hoping for dxc5.} g5 {[%emt 0:01:25] Threatens to win with ...cxd4.} 15. Bg3 Nc4 16. b3 Na3 {[%emt 0:02:07] [#]} 17. Bd3 $146 {[%emt 0:02:34][%mdl 2048] White has some pressure.} ({Predecessor:} 17. Rc1 Nc6 18. Ne2 Nb4 19. Bd3 Bb7 20. Qd2 Re8 21. d5 a5 22. h4 Nxd3 23. Qxd3 {0-1 Hecht,C (2159)-Levin,F (2506) Paderborn op 12th 2015 (4)}) 17... g4 18. hxg4 Bxg4 19. e5 Nc6 (19... dxe5 $14 20. dxe5 (20. dxc5 Rc8 $14) 20... Rc8) 20. Re4 $18 h5 {[%emt 0:08:41] [#]} (20... Bxf3 $142 21. Qxf3 Nxd4 22. Rxd4 (22. Qg4 dxe5 23. Bxe5 Qg5 $14) 22... cxd4) 21. Rxg4 $1 hxg4 22. Nh4 (22. Bh4 $18 Qd7 23. Nd5) 22... cxd4 $2 {[%emt 0:06:15] This move loses the game for Black.} (22... Qg5 $16) 23. Qxg4 {[%emt 0:01:21][%cal Oh4f5] White wants to mate with Nf5!} Nxe5 24. Bxe5 dxe5 25. Nf5 Qf6 26. Nd5 {[%emt 0:00:05] Weighted Error Value: White=0.11 (very precise) /Black=0.56} 1-0

[Event "20th Delhi GM Open 2023"]
[Site "New Delhi"]
[Date "2023.03.23"]
[Round "1.3"]
[White "Vakada Aswin Reddy"]
[Black "Pantsulaia, Levan"]
[Result "0-1"]
[ECO "A36"]
[WhiteElo "1231"]
[BlackElo "2597"]
[Annotator "TA"]
[PlyCount "63"]
[EventDate "2023.03.23"]
[EventType "swiss"]
[EventCountry "IND"]
[SourceTitle "playchess.com"]
[Source "ChessBase"]
[SourceQuality "1"]
[TimeControl "5400+30"]

1. c4 c5 2. g3 g6 3. Bg2 Bg7 4. Nc3 Nc6 5. e3 d6 6. Nge2 h5 7. h4 {[%emt 0:01:46] A36: Symmetrical English vs ...g6: 4 Bg2 Bg7.} Bg4 8. O-O Qc8 {[%emt 0:04:19] [#]} 9. d3 $146 {[%emt 0:09:05] The position is equal.} ({Predecessor:} 9. f3 Bh3 10. Kh2 Bxg2 11. Kxg2 Nf6 12. d4 e6 13. d5 exd5 14. Nxd5 Nxd5 15. Qxd5 {½-½ Turoczi,P (1981)-Sundqvist,C (2022) SB-2019-0-00574}) 9... Nf6 10. Qd2 O-O 11. b3 Rb8 12. Bb2 a6 13. a4 Bh3 14. Nf4 Bxg2 15. Kxg2 e6 16. d4 cxd4 17. exd4 d5 18. cxd5 exd5 19. Nfxd5 ({Better is} 19. Rad1 $15) 19... Nxd5 $17 20. Nxd5 {[%emt 0:00:11] [#]} Rd8 $1 21. Qg5 Qe6 {[%emt 0:00:14] Dodges Nf6+} (21... Bxd4 $2 22. Bxd4 Rxd5 23. Qxd5 $18) 22. Nf4 Qxb3 23. Bc1 {[%emt 0:08:09][%mdl 8192] White does not recover from this.} (23. Rfb1 $17 {is a better defense.}) 23... Nxd4 $19 {[%emt 0:02:57] White must now prevent ...Nc2.} (23... Rxd4 $2 {is the wrong capture.} 24. Ra3 Qc2 25. Re3 $19) ({Don't blunder} 23... Qc2 $2 24. Be3 $19) 24. Ra3 {[%emt 0:06:16] White is weak on the light squares} Qc4 25. Rd1 $2 (25. Bb2 Qc6+ 26. f3) 25... Qc6+ 26. f3 Bf6 27. Qa5 {[%emt 0:00:39] [#]} Nxf3 $1 28. Rxd8+ Bxd8 ({Stronger than} 28... Rxd8 29. Rxf3 Qxc1 30. Nd5 $17) 29. Qb4 $2 (29. Qc3 Nxh4+ 30. Kh2 Nf3+ 31. Kg2 Ne1+ {[%mdl 64] Discovered Attack (Double check)} 32. Kh2 Nf3+ 33. Kg2 Nd4+ 34. Qxc6 bxc6 35. Nd3) 29... Nxh4+ 30. Kf2 Bb6+ 31. Ke2 Qxc1 32. Qxb6 {[%emt 0:00:52] An interesting game.   Weighted Error Value: White=0.90/Black=0.74} 0-1

[Event "20th Delhi GM Open 2023"]
[Site "New Delhi"]
[Date "2023.03.23"]
[Round "1.4"]
[White "Kobalia, Mikhail"]
[Black "Yatee Kothari"]
[Result "1-0"]
[ECO "A13"]
[WhiteElo "2577"]
[BlackElo "1230"]
[Annotator "TA"]
[PlyCount "41"]
[EventDate "2023.03.23"]
[EventType "swiss"]
[EventCountry "IND"]
[SourceTitle "playchess.com"]
[Source "ChessBase"]
[SourceQuality "1"]
[TimeControl "5400+30"]

1. Nf3 d5 2. c4 e6 3. b3 c5 4. e3 d4 5. exd4 cxd4 ({But not} 5... Nc6 6. dxc5 Bxc5 7. Bb2 $14) 6. g3 {[%emt 0:00:04] A13: English Opening: 1...e6.} Nc6 7. Bg2 e5 {[%emt 0:01:21] White must now prevent ...e4.} 8. O-O {[%emt 0:00:17][%cal Of3e5] [#] The position is equal.} e4 $146 {[%emt 0:02:47] [#]} (8... f6 $11) ({Predecessor:} 8... Bd6 9. d3 Nge7 10. Na3 O-O 11. Nc2 b6 12. b4 a6 13. a4 Ng6 14. Ba3 Bf5 {0-1 Ravi,L (2402)-Shetty,R (2308) IND-chB 37th 1999 (9)}) 9. Re1 $1 $16 Nf6 10. d3 (10. Ng5 $16) 10... Bg4 (10... Bb4 $14) 11. dxe4 Ne5 12. h3 Nxf3+ (12... Bxf3 $16 {might work better.} 13. Bxf3 Bc5) 13. Bxf3 $18 Bxf3 14. Qxf3 {[%emt 0:00:30] e5 would be deadly.} Bc5 $2 (14... Nd7 15. e5 Qb6) 15. e5 Qe7 16. Bg5 {[%emt 0:00:30][%mdl 64] [#] Pin} Rd8 $2 (16... Qe6 17. b4 (17. Qxb7 O-O $18) (17. Bxf6 gxf6 18. Qxf6 O-O $18) 17... Nd7 18. bxc5 Nxe5) 17. Nd2 Qd7 18. exf6+ {[%emt 0:00:30][%mdl 64] Discovered Attack. White mates.} Kf8 19. fxg7+ Kxg7 20. Qf6+ Kg8 21. Bh6 {[%emt 0:00:30] Weighted Error Value: White=0.05 (flawless) /Black=0.90} 1-0

[Event "20th Delhi GM Open 2023"]
[Site "New Delhi"]
[Date "2023.03.23"]
[Round "1.5"]
[White "Tomar Nishant Singh"]
[Black "Mchedlishvili, Mikheil"]
[Result "0-1"]
[ECO "A48"]
[WhiteElo "1499"]
[BlackElo "2569"]
[Annotator "TA"]
[PlyCount "46"]
[EventDate "2023.03.23"]
[EventType "swiss"]
[EventCountry "IND"]
[SourceTitle "playchess.com"]
[Source "ChessBase"]
[SourceQuality "1"]
[TimeControl "5400+30"]

1. d4 Nf6 2. Bf4 c5 3. e3 g6 4. Nf3 Bg7 5. c3 b6 6. Nbd2 Bb7 7. Bd3 d6 {[%emt 0:02:22] A48: 1 d4 Nf6 2 Nf3 g6: Torre, London and Colle Systems.} 8. h3 Nbd7 9. Qc2 O-O {[%emt 0:01:34] The position is equal.} 10. O-O-O (10. Bh2 $11) 10... Rc8 {[%emt 0:03:31] [#]} 11. Kb1 $146 (11. a3 $15) ({Predecessor:} 11. Rde1 Nd5 12. g4 cxd4 13. exd4 Nxf4 14. Be4 d5 15. Bd3 Nxd3+ 16. Qxd3 Nf6 17. Ne5 Ne4 18. f3 Nf2 {0-1 Hedrich,G (1547)-Buehler,S (1776) Wiesbaden op 29th 2017 (2)}) 11... Nd5 $17 {[%emt 0:03:06] [#] Threatens to win with ...cxd4.} 12. Be4 N7f6 13. dxc5 (13. Bxd5 $17 {is a better defense.} Nxd5 14. Bg3) 13... Nxe4 (13... bxc5 14. Bxd5 Nxd5 15. Nc4 $17) 14. Nxe4 bxc5 {[%emt 0:01:53] White must now prevent ...Rb8.} 15. Bg3 (15. Qb3 $142 Qb6 16. Rhe1) 15... Qa5 16. Bxd6 $2 (16. Nfd2 c4 17. Rc1) 16... exd6 $19 17. Nxd6 {[%emt 0:04:47] [#]} Nxc3+ $1 18. bxc3 Rb8 {[%emt 0:02:39] ( -> ...Qa3)} 19. Kc1 Bxf3 ({Inferior is} 19... Qxc3 20. Qxc3 Bxc3 21. Nxb7 Rxb7 22. Kc2 $11) 20. gxf3 Qa3+ ({Not} 20... Qxc3 21. Qxc3 Bxc3 22. Kc2 $11) ({Stronger than} 20... Bxc3 21. Nc4 Qb4 22. Qb3 $15) 21. Kd2 Rb2 22. Nc4 Rxc2+ 23. Kxc2 Qxc3+ {[%emt 0:00:06] White got outplayed after the opening.   Weighted Error Value: White=1.42/Black=0.20 (precise)} 0-1

[Event "20th Delhi GM Open 2023"]
[Site "New Delhi"]
[Date "2023.03.23"]
[Round "1.6"]
[White "Murzin, Volodar"]
[Black "Subramanian, T.V."]
[Result "1-0"]
[ECO "D02"]
[WhiteElo "2554"]
[BlackElo "1227"]
[Annotator "TA"]
[PlyCount "63"]
[EventDate "2023.03.23"]
[EventType "swiss"]
[EventCountry "IND"]
[SourceTitle "playchess.com"]
[Source "ChessBase"]
[SourceQuality "1"]
[TimeControl "5400+30"]

1. Nf3 d5 2. g3 Nf6 3. Bg2 Nbd7 4. d4 c6 5. O-O h5 6. Nc3 {[%emt 0:04:36] [#] D02: 1 d4 d5 2 Nf3 sidelines, including 2...Nf6 3 g3 and 2...Nf6 3 Bf4.} b5 $146 ({Predecessor:} 6... g6 7. Bf4 Bg7 8. Qd2 Qa5 9. Rfb1 b5 10. b4 Qb6 11. Ne5 O-O 12. h3 Nxe5 13. Bxe5 {½-½ Franz,I (1377)-Schweitzer,P (1532) Bad Griesbach Seniors op 3rd 2000 (2)}) 7. a3 Bb7 8. h4 {[%emt 0:03:29] White is better.} e6 9. Bf4 (9. e4 $16) 9... Be7 10. Ng5 Nh7 11. Nxh7 Rxh7 12. e4 Nf6 13. exd5 exd5 14. Re1 Kf8 15. Bg5 {[%emt 0:01:13] White is much more active. The black rooks are badly placed.} Kg8 16. Ne2 Ne4 {[%emt 0:04:57] [#] This costs Black the game.} (16... Bc8 $16 {is a better defense.}) 17. Bxe7 $1 $18 Qxe7 {[%emt 0:00:02] [#]} 18. Nf4 $1 Qd7 19. Bxe4 (19. Nxh5 $6 a5 20. Nf4 (20. Bxe4 dxe4 21. Nf4 Re8 $16) 20... f5 $16) 19... dxe4 {[%emt 0:07:38] Black is weak on the dark squares} 20. Rxe4 ({Not} 20. Nxh5 c5 $11) 20... c5 21. d5 (21. dxc5 $2 {perishes.} Qxd1+ 22. Rxd1 Bxe4 $19) 21... g6 $2 (21... Rh6 22. b3 (22. Nxh5 Qf5 $11) 22... Re8) 22. Qe2 Rg7 23. Re7 {[%emt 0:00:13][%mdl 64] Deflection} Qc8 24. Qe5 Qb8 25. Qf6 Rh7 26. Rae1 {[%emt 0:00:19] Threatens to win with d6.} Qd8 27. Qg5 Rb8 {[%emt 0:01:22] [#]} 28. Rxb7 $1 {[%emt 0:00:06][%cal Of4g6][%mdl 576] Intending Nxg6! and mate. Deflection} Qxg5 (28... Rg7 29. Rxb8) 29. Rxb8+ {[%emt 0:00:04] White mates.} Kg7 30. hxg5 h4 31. Re7 hxg3 32. Ne6# {[%emt 0:00:03] Weighted Error Value: White=0.05 (flawless) /Black=0.73} 1-0

[Event "20th Delhi GM Open 2023"]
[Site "New Delhi"]
[Date "2023.03.23"]
[Round "1.7"]
[White "Vidhi Angelina"]
[Black "Savchenko, Boris"]
[Result "0-1"]
[ECO "D85"]
[WhiteElo "1226"]
[BlackElo "2552"]
[Annotator "TA"]
[PlyCount "61"]
[EventDate "2023.03.23"]
[EventType "swiss"]
[EventCountry "IND"]
[SourceTitle "playchess.com"]
[Source "ChessBase"]
[SourceQuality "1"]
[TimeControl "5400+30"]

1. Nf3 g6 2. d4 Nf6 3. c4 Bg7 4. Nc3 d5 5. cxd5 Nxd5 6. e4 Nxc3 7. bxc3 c5 8. Bb2 {[%emt 0:04:15] 8.h3 is a critical line.} ({Of course not} 8. dxc5 Bxc3+ 9. Bd2 Bxa1 10. Qxa1 f6 $15) (8. Be3 $14) 8... cxd4 {[%emt 0:04:57] [#] D85: Exchange Grünfeld: Unusual White 7th moves and lines with 7 Nf3.} 9. Nxd4 $146 ({Predecessor:} 9. cxd4 Qa5+ 10. Qd2 Qxd2+ 11. Nxd2 Nc6 12. e5 O-O 13. Bc4 Rd8 14. Nf3 Bg4 15. Ng5 e6 16. h3 {0-1 Kaiyrbekov,R (2338)-Mogirzan,M (1813) Titled Tuesday intern op 13th July blitz 2021 (5)}) 9... Nd7 10. Bc4 {[%emt 0:02:01][%cal Oc4f7] [#] Bxf7+! is the strong threat.} Qc7 {[%emt 0:01:09] Black is slightly better.} 11. Qa4 (11. Bxf7+ $11 {keeps the balance.} Kxf7 12. Qb3+ Ke8 13. Ne6) 11... O-O $17 {[%emt 0:00:35] aiming for ...Nb6.} 12. Be2 Nc5 13. Qc2 b6 14. O-O Bb7 15. Bf3 Rac8 {[%emt 0:03:30] Black is more active.} 16. Rfe1 a6 17. Rac1 ({Better is} 17. c4) 17... Rfd8 18. h3 (18. Red1 $17 {is a better defense.}) 18... e5 $19 19. Bg4 exd4 20. Bxc8 $2 (20. cxd4 {nothing else works.} Ne6 {[%mdl 64] Discovered Attack} 21. Qb3) 20... d3 {[%emt 0:00:07] Black is clearly winning.} ({And not} 20... Rxc8 21. cxd4 Ne6 22. Qd2 $15) 21. Qd2 Bxc8 22. Ba3 Be6 23. Bxc5 Qxc5 24. Red1 b5 25. Qe3 Qxe3 26. fxe3 Bxa2 27. Kf2 a5 {[%emt 0:00:06][%cal Ba6a5,Ba5a4,Ba4a3][%mdl 32] White must now prevent ...Bb3.} 28. Kf3 a4 {[%emt 0:00:03] [#] ...Bb3 would be deadly.} 29. Rd2 Bc4 30. g4 a3 31. h4 {[%emt 0:01:03] Weighted Error Value: White=1.01/Black=0.08 (flawless)} 0-1

[Event "20th Delhi GM Open 2023"]
[Site "New Delhi"]
[Date "2023.03.23"]
[Round "1.8"]
[White "Lalit Babu M R"]
[Black "Aditya Jain"]
[Result "1-0"]
[ECO "A56"]
[WhiteElo "2544"]
[BlackElo "1388"]
[Annotator "TA"]
[PlyCount "61"]
[EventDate "2023.03.23"]
[EventType "swiss"]
[EventCountry "IND"]
[SourceTitle "playchess.com"]
[Source "ChessBase"]
[SourceQuality "1"]
[TimeControl "5400+30"]

1. d4 Nf6 2. c4 c5 3. d5 e5 4. Nc3 d6 5. e4 Be7 6. Nf3 Nbd7 7. g3 {[%emt 0:01:49] White is more active. A56: Czech Benoni.} Nf8 8. h4 h5 9. Be2 {[%emt 0:00:46] White is better.} Ng6 10. Nh2 {[%emt 0:03:17] [#]} Bh3 $146 ({Predecessor:} 10... Nf8 11. Nf1 g6 12. Ne3 N8h7 13. Bd2 Bd7 14. Qc2 a6 15. f3 Rb8 16. a4 b6 17. Ra3 Bf8 18. Ned1 Bg7 19. Nf2 Qc8 {½-½ Krak,T (2301)-Krajnak,M (2229) SVK-chT1E 1314 2013 (2.4)}) 11. Bg5 Nxe4 12. Nxe4 {[%emt 0:00:50] Hoping for Nf3.} Bg2 {[%emt 0:00:02] [#] Prevents Nf3.} 13. Bf3 $1 Bxh1 14. Bxh1 Bxg5 15. Nxg5 Qa5+ {[%emt 0:03:43] Black is weak on the light squares} (15... Nf8 $142 16. Bg2 g6) 16. Kf1 $18 Qb4 17. b3 Nf8 18. Qd3 Nd7 19. Re1 b5 $2 (19... g6 20. f4 b5) 20. cxb5 Qd4 $2 (20... a6 21. bxa6 Qb6) 21. Qf5 O-O-O 22. Nhf3 Qxd5 23. Bg2 {[%emt 0:00:34][%cal Of3e5] aiming for Nxe5!} ({Less strong is} 23. Nxf7 Rdf8 $16) 23... g6 24. Qc2 e4 25. Nxe4 {[%emt 0:00:16] Strongly threatening Rd1.} Ne5 26. Rd1 Qe6 {[%emt 0:03:27] [#]} 27. Nxd6+ $1 {[%emt 0:00:45][%mdl 576] Remove Defender, Decoy} Rxd6 (27... Kb8 28. Qxc5) 28. Qxc5+ Kd7 29. Nxe5+ {[%emt 0:00:27] White mates.} Ke7 30. Qc7+ Rd7 31. Rxd7+ {[%emt 0:00:06] Black got outplayed after the opening.   Weighted Error Value: White=0.22 (precise) /Black=0.88} 1-0

[Event "20th Delhi GM Open 2023"]
[Site "New Delhi"]
[Date "2023.03.23"]
[Round "1.9"]
[White "Heet Baldawa"]
[Black "Krasenkow, Michal"]
[Result "0-1"]
[ECO "B08"]
[WhiteElo "1224"]
[BlackElo "2527"]
[Annotator "TA"]
[PlyCount "76"]
[EventDate "2023.03.23"]
[EventType "swiss"]
[EventCountry "IND"]
[SourceTitle "playchess.com"]
[Source "ChessBase"]
[SourceQuality "1"]
[TimeControl "5400+30"]

1. e4 g6 2. d4 Bg7 3. Nf3 d6 4. Bc4 Nf6 5. Nc3 O-O 6. O-O Bg4 7. Be3 Nc6 8. h3 Bxf3 9. Qxf3 e5 10. d5 {[%emt 0:01:14] B08: Pirc Defence: Classical System.} Ne7 11. Bg5 Nd7 12. Rad1 {[%emt 0:04:09] Black is weak on the light squares. White is slightly better.} f6 {[%emt 0:00:41] [#]} 13. Bd2 $146 ({Predecessor:} 13. Be3 f5 14. Bg5 Nf6 15. Qe3 f4 16. Qe2 h5 17. Nb1 Nh7 18. Bxe7 Qxe7 19. Nd2 Ng5 20. Qd3 f3 21. Nxf3 Rxf3 22. gxf3 Nxh3+ 23. Kh2 Nf4 {0-1 Repas,M-Pusec,P SVK-chT3A 9697 1996 (4)}) 13... f5 14. Qd3 Rf7 15. f3 a6 16. a4 Qf8 17. Bg5 (17. g4 {is more appropriate.}) 17... Bh6 $11 18. Qd2 Bxg5 19. Qxg5 f4 20. Qh4 {[%emt 0:05:54] [#]} g5 $1 21. Qf2 (21. Qxg5+ $2 Rg7 22. Qh4 Rg3 $19) 21... h5 22. Be2 Nf6 23. g4 (23. Qe1 $15) 23... fxg3 $19 24. Qxg3 h4 25. Qg2 (25. Qxg5+ $2 Rg7 26. f4 exf4 $19) 25... Nh5 26. Qg4 {[%emt 0:05:33] [#]} (26. Bd3 $17 {might work better.}) 26... Ng3 $1 (26... Nf4 27. Bc4 $17) 27. Rf2 (27. Qxg5+ $2 {too greedy.} Rg7 28. Qxh4 Ngf5+ $19) 27... Qh6 (27... Kh8 $19 {Strongly threatening ...Rg7.} 28. Bc4 (28. Qxg5 $2 {is the wrong capture.} Nxe2+ 29. Kh2 Nxc3 $19) 28... Ng6) 28. Rg2 $2 {[%emt 0:04:17] White does not recover from this.} (28. Bc4 $17) 28... Ng6 29. Qe6 Kf8 {[%emt 0:00:32][%cal Og5g4] And now ...g4! would win.} 30. Rf2 Re8 31. Qg4 Nf4 32. Re1 {[%emt 0:01:29] Black is clearly winning.} Nfh5 {[%emt 0:00:09] White must now prevent ...Nf6. A dynamic duo of knights.} 33. Bd1 (33. f4 $142 exf4 34. Qf3) 33... Nf6 34. Qe6 Rxe6 35. dxe6 Rg7 36. Ne2 Nfh5 37. Nxg3 hxg3 38. Rg2 Qxe6 {[%emt 0:02:22] Weighted Error Value: White=1.22/Black=0.07 (flawless)} 0-1

[Event "20th Delhi GM Open 2023"]
[Site "New Delhi"]
[Date "2023.03.24"]
[Round "2.1"]
[White "Sethuraman, S.P."]
[Black "Ayaan Garg"]
[Result "1-0"]
[ECO "E07"]
[WhiteElo "2639"]
[BlackElo "1523"]
[Annotator "TA"]
[PlyCount "67"]
[EventDate "2023.03.23"]
[EventType "swiss"]
[EventCountry "IND"]
[SourceTitle "playchess.com"]
[Source "ChessBase"]
[SourceQuality "1"]
[TimeControl "5400+30"]

1. Nf3 Nf6 2. c4 e6 3. Nc3 d5 4. d4 Be7 5. g3 O-O 6. Bg2 c6 7. O-O Nbd7 8. Qd3 b6 9. e4 Bb7 10. Rd1 dxc4 {[%emt 0:21:00] E07: Closed Catalan: Main Line (5 Nf3 0-0 6 0-0 Nbd7).} 11. Qxc4 b5 12. Qe2 b4 {[%emt 0:05:28] The position is equal.} 13. Na4 Qa5 14. b3 c5 {[%emt 0:08:52] [#]} 15. Nd2 $146 ({Predecessor:} 15. d5 exd5 16. exd5 Rfe8 17. Nd2 Nb6 18. Nxb6 axb6 19. Nc4 Qa6 20. Qc2 Rad8 21. Ne3 {1-0 Savchenko,S (2563)-Ravia,M (2386) Tel Aviv After Holidays GM 2003 (2)}) 15... cxd4 16. Nc4 {[%emt 0:00:15][%csl LRa5,LRd4] Dodges Ne5} Qb5 17. Rxd4 Nc5 18. Nxc5 $1 Bxc5 19. Rd1 Rfd8 20. Bb2 Ne8 21. Rac1 Rac8 22. h3 f6 (22... a5 $11) 23. Qg4 $16 e5 {[%emt 0:01:12] [#]} 24. Bf1 $1 Rxd1 25. Rxd1 Qc6 {[%emt 0:00:22] [#]} 26. Rd5 {[%emt 0:10:29] White is more active.} (26. Na5 $1 $16 Bxf2+ {[%mdl 64] Decoy} 27. Kxf2 Qb6+ 28. Ke1 Qe3+ 29. Qe2 Qxg3+ 30. Qf2 Qxf2+ 31. Kxf2 Bxe4 32. Ke3) 26... h5 $2 {[%emt 0:03:34][%mdl 8192] A mistake that costs the game.} 27. Qf5 $18 {[%emt 0:00:48] aiming for Na5.} (27. Qxh5 Qe6 $16) 27... Bb6 28. Nxb6 (28. Qxh5 Qe6 29. Rd2 Bc7 $18) 28... Qxb6 29. Rb5 Qc6 30. Bc4+ (30. Rxb4 Nd6 31. Qxh5 Qc2 $16) 30... Kf8 31. Qxh5 ({Weaker is} 31. Rxe5 Nd6 32. Qxh5 Nxc4 33. Qh8+ Kf7 34. Qh5+ Kf8 35. Qh8+ Kf7 36. Qh5+ Kf8 $11) (31. Qh7 Ke7 $16) 31... Qd7 {[%emt 0:01:42][%cal Oc8c4] Dodges Qf7+} 32. Rxb4 ({Stronger than} 32. Qh7 Rxc4 33. bxc4 Qd1+ 34. Kh2 Bc6 $11) 32... Bxe4 (32... Rxc4 $18 33. Rxc4 Kg8) 33. Ba3 {[%emt 0:00:14] This pair of bishops is nice.} Qd2 34. Qf7# {[%emt 0:00:13] Weighted Error Value: White=0.09 (flawless) /Black=0.51} 1-0